 Dungeon Crawl Stone Soup version 0.31-a0-542-gdc2a67831c (console) character file.

Game seed: 7868764967059964446

100 Lexodia the Cudgeller (level 4, -4/45 HPs)
             Began as an Ogre Gladiator on Aug 14, 2023.
             Slain by an iguana (6 damage)
             ... on level 4 of the Dungeon.
             The game lasted 00:04:36 (1098 turns).

Lexodia the Cudgeller (Ogre Gladiator)              Turns: 1098, Time: 00:04:37

Health: -4/45      AC:  5    Str: 20    XL:     4   Next: 73%
Magic:  5/5        EV: 10    Int:  9    God:
Gold:   57         SH:  0    Dex: 10    Spells: 5/5 levels left

rFire   . . .        a - +0 flail
rCold   . . .        (no shield)
rNeg    . . .        b - +0 robe
rPois   +            c - +1 hat
rElec   .            l - +0 cloak
rCorr   .            (gloves unavailable)
SInv    +            (boots unavailable)
Will    .....        (no amulet)
Stlth   +            i - ring of see invisible
HPRegen 0.27/turn    j - ring of poison resistance
MPRegen 0.09/turn

%: no passive effects
@: no status effects
A: large, unfitting armour, tough skin 1
a: no special abilities


You were on level 4 of the Dungeon.
You visited 1 branch of the dungeon, and saw 4 of its levels.

You collected 57 gold pieces.

Inventory:

Hand Weapons
 a - a +0 flail (weapon)
Missiles
 d - 3 throwing nets (quivered)
 e - a large rock
Armour
 b - a +0 robe (worn)
 c - a +1 hat (worn)
 l - a +0 cloak (worn)
Jewellery
 i - a ring of see invisible (left hand)
 j - a ring of poison resistance (right hand)
Potions
 k - a potion of lignification


   Skills:
 + Level 3.5 Fighting
 * Level 3.5 Maces & Flails
 + Level 2.6 Throwing
 + Level 3.2 Dodging
 + Level 1.0 Spellcasting
 + Level 0.4 Air Magic


You had 5 spell levels left.
You didn't know any spells.
Your spell library contained the following spells:

 Spells                   Type           Power      Damage    Failure   Level
 Static Discharge         Conj/Air       0%         2-2/arc   45%         2
 Airstrike                Air            0%         2d(1-17)  97%         4
 Summon Lightning Spire   Summ/Air       0%         N/A       98%         4


Dungeon Overview and Level Annotations

Branches:
Dungeon (4/15)
 Temple: D:4-7

Altars:

Shops:
D:1 =

Annotations:
D:3 exclusion: door
D:4 exclusion: door


Innate Abilities, Weirdness & Mutations

You are too large for most types of armour.
You have tough skin. (AC +1)


Message History

You hit the jackal.
You kill the jackal!
Your Spellcasting skill increases to level 1!
You open the door.
Found a robe and a scale mail.
There is an open door here.
You open the door. You open the door.
There is an open door here.
An orc priest and 3 orcs come into view.
An orc is wielding a +2 heavy flail.
The orc shouts! x3
An orc comes into view. It is wielding a +0 flail.
An orc wizard comes into view. It is wielding a +0 dagger.
There is an open door here.
You close the door.
There's a creature in the doorway!
The orc attacks as you move away! The orc hits you with a +2 heavy flail.
Damage: -14%(-6hp) hp: 69%(31hp)
The orc attacks as you move away! The orc barely misses you.
There is an open door here.
As you close the door, it creaks loudly!
An orc opens the door.
The orc priest calls down the wrath of Beogh upon you.
Beogh smites you!
Huge Dmg: -29%(-13hp) hp: 45%(20hp)
An iguana comes into view.
The adder hisses angrily.
The iguana hisses angrily.
The adder attacks as you move away! The adder closely misses you.
The adder barely misses you.
The orc priest mumbles some strange prayers to Beogh against you.
Pain shoots through your body!
* * * LOW HITPOINT WARNING * * *
The adder closely misses you.
Huge Dmg: -29%(-13hp) hp: 20%(9hp)
The orc shouts!
The orc hits you with a +0 flail!
* * * LOW HITPOINT WARNING * * *
The iguana bites you.
You die...

#......#....#.......#
#......'...<'.......# #
#......###'###..##+## #
##########.###..##.# #
#..............# .. #
#..............#...
########..######+#####...
..........##...........#
.#.........#....@......#
.#....#....#...ool.....#
.#....#....#.....S.....+
##....######oo.........#
####........######+#..#
#........#......# .#
#......oo#.....[# .
#........#...[..#
#.......o#......#


You could see an iguana, an orc priest, an orc wizard, an adder and 3 orcs.

Vanquished Creatures
  An iguana (D:3)
  Natasha (D:4)
  An adder (D:2)
  A worm (D:2)
  2 dart slugs
  5 ball pythons
  4 endoplasms
  A giant cockroach (D:1)
  2 hobgoblins (D:2)
  3 jackals (D:4)
  A quokka (D:1)
  4 bats
  6 frilled lizards
  3 kobolds (D:1)
  A rat (D:2)
36 creatures vanquished.

Notes
Turn   | Place    | Note
-------+----------+-------------------------------------------
     0 | D:1      | Lexodia the Ogre Gladiator began the quest for the Orb.
     0 | D:1      | Reached XP level 1. HP: 22/22 MP: 1/1
    50 | D:1      | Found Erphoegh's Jewellery Emporium.
    98 | D:1      | Reached XP level 2. HP: 26/29 MP: 2/2
   186 | D:1      | Found a faded altar of an unknown god.
   238 | D:2      | Reached XP level 3. HP: 23/37 MP: 3/3
   565 | D:2      | Huge Dmg: 8 dmg
   903 | D:3      | Reached XP level 4. HP: 33/45 MP: 4/4
  1018 | D:4      | Noticed Natasha
  1041 | D:4      | Killed Natasha
  1045 | D:4      | Reached skill level 1 in Spellcasting
  1092 | D:4      | Huge Dmg: 13 dmg
  1098 | D:4      | Huge Dmg: 13 dmg
  1098 | D:4      | HP: 2/45 [orc/+0 flail (7)]
  1098 | D:4      | Slain by an iguana

Illustrated notes

Levels and vault maps discovered:
D:1:      dpeg_arrival_morbid_curiosity, layout_rooms, serial_shops,
          nicolae_shop_gaudy_bauble, chequers_ecumenical_altar_simple,
          roderic_lattice_a
D:2:      layout_loops_corners
D:3:      kennysheep_the_goblin_king, layout_basic,
          eat_drink_and_be_merry_uskayaw, uniq_ijyb
D:4:      cheibrodos_pilgrimage, layout_gridville, kennysheep_generic_room_13,
          uniq_robin, uniq_sigmund, uniq_natasha, uniq_pikel

Skill      XL: |  1  2  3  4 |
---------------+-------------+-----
Fighting       | 3 |  3.5
Maces & Flails | 3 |  3.5
Dodging        | 3 |  3.2
Spellcasting   | 1 |  1.0
Throwing       | |  2.6
Air Magic      | |  0.4

Action                     |  1- 3 |  4- 6 || total
---------------------------+-------+-------++-------
  Melee: Flail             |   104 |    23 ||   127
    Use: Scroll            |     3 |       ||     3
   Stab: Sleeping          |     1 |     1 ||     2
 Armour: Robe              |    61 |    19 ||    80
  Dodge: Dodged            |    90 |    25 ||   115

Table legend: (Time is in decaauts)
 A = Elapsed time spent in this place.
 B = Non-inter-level travel time spent in this place.
 C = Inter-level travel time spent in this place.
 D = Time resting spent in this place.
 E = Time spent auto-exploring this place.
 F = Levels seen in this place.
 G = Mean time per level.
                   A        B        C        D        E       F      G
               +--------+--------+--------+--------+--------+-----+--------+
         Total |   1128 |   1123 |      5 |     44 |    517 |   4 |  282.0 |
       Dungeon |   1128 |   1123 |      5 |     44 |    517 |   4 |  282.0 |
               +--------+--------+--------+--------+--------+-----+--------+

Top non-repeatable levels by time:
     D:2: 429 daAuts
     D:3: 290 daAuts
     D:1: 214 daAuts
     D:4: 193 daAuts
